[Event "M.Chigorin Memorial 2013"]
[Site "St. Petersburg"]
[Date "2013.10.10"]
[Round "6.2"]
[White "Korneev, Oleg"]
[Black "Areshchenko, Alexander"]
[Result "1/2-1/2"]
[ECO "B90"]
[WhiteElo "2622"]
[BlackElo "2714"]
[PlyCount "82"]
[EventDate "2013.10.05"]
[TimeControl "6000+1180"]
[WhiteClock "0:28:55"]
[BlackClock "0:31:42"]

1. e4 c5 2. Nf3 d6 3. d4 cxd4 4. Nxd4 Nf6 5. Nc3 a6 6. Be3 e5 7. Nf3 Be7 8. Bc4
O-O 9. O-O Nc6 10. Bg5 Be6 11. Bb3 Nd7 12. Bxe7 Qxe7 13. Qe2 Nc5 14. Nd5 Qd8
15. Rad1 Nxb3 16. axb3 f5 17. exf5 Bxf5 18. Ne3 Bg6 19. h3 Qf6 20. Qc4+ Kh8 21.
Qh4 Qe6 22. Qg4 Qe8 23. Rxd6 Bh5 24. Qe6 Bxf3 25. Qxe8 Raxe8 26. gxf3 Rxf3 27.
Kg2 Ref8 28. c3 Ne7 29. Ng4 R3f5 30. Re1 Ng6 31. Kh1 Nh4 32. Rd5 h5 33. Nxe5
Kg8 34. Rd4 Nf3 35. Nxf3 Rxf3 36. Re2 Rxh3+ 37. Kg2 Rhf3 38. b4 R3f5 39. Red2
Rg5+ 40. Kf1 a5 41. Rd5 Rxd5 1/2-1/2

[Event "M.Chigorin Memorial 2013"]
[Site "St. Petersburg"]
[Date "2013.10.10"]
[Round "6.3"]
[White "Kokarev, Dmitry"]
[Black "Akopian, Vladimir"]
[Result "1-0"]
[ECO "B32"]
[WhiteElo "2611"]
[BlackElo "2684"]
[PlyCount "81"]
[EventDate "2013.10.05"]
[TimeControl "6000+815"]
[WhiteClock "0:32:57"]
[BlackClock "0:34:32"]

1. e4 c5 2. Nf3 Nc6 3. d4 cxd4 4. Nxd4 Qb6 5. Nb3 e6 6. Nc3 a6 7. Bf4 Nf6 8. a3
Ne7 9. Qd6 Qxd6 10. Bxd6 Nc6 11. Bf4 d5 12. exd5 Nxd5 13. Nxd5 exd5 14. O-O-O
Be6 15. Be3 Be7 16. g3 Bg4 17. Re1 O-O-O 18. Bb6 Rd6 19. Bc5 Re6 20. Bg2 Re8
21. Bxd5 Bg5+ 22. Be3 Bxe3+ 23. Rxe3 Rxe3 24. fxe3 Rxe3 25. Bxf7 Re2 26. Bc4
Rf2 27. Nd2 Nd4 28. c3 Ne2+ 29. Kc2 b5 30. Bd3 h5 31. Be4 h4 32. gxh4 Bh5 33.
Kd3 Rf4 34. Ke3 Rxh4 35. Nf3 Bxf3 36. Bxf3 Nf4 37. Rg1 Ne6 38. Rg6 Nc7 39. Bg4+
Kb7 40. h3 Nd5+ 41. Ke4 1-0

[Event "M.Chigorin Memorial 2013"]
[Site "St. Petersburg"]
[Date "2013.10.10"]
[Round "6.4"]
[White "Ponkratov, Pavel"]
[Black "Matlakov, Maxim"]
[Result "0-1"]
[ECO "D79"]
[WhiteElo "2618"]
[BlackElo "2682"]
[PlyCount "72"]
[EventDate "2013.10.05"]
[TimeControl "6000+1045"]
[WhiteClock "0:03:09"]
[BlackClock "0:06:37"]

1. d4 Nf6 2. c4 g6 3. g3 c6 4. Nf3 Bg7 5. Bg2 O-O 6. O-O d5 7. cxd5 cxd5 8. Ne5
Ng4 9. Nxg4 Bxg4 10. Nc3 Nc6 11. h3 Bd7 12. Nxd5 Nxd4 13. Bg5 Re8 14. Be3 Nf5
15. Bc5 Bc6 16. Rb1 e6 17. e4 exd5 18. exf5 d4 19. Bxc6 bxc6 20. fxg6 hxg6 21.
Qf3 Qa5 22. Ba3 Rad8 23. Rfd1 Rd5 24. Rbc1 Re6 25. Qb3 Rf5 26. Qc4 Qe5 27. Qd3
Qf6 28. Rf1 Rf3 29. Qd1 d3 30. Re1 Rxe1+ 31. Qxe1 Qd4 32. Bb4 Rxg3+ 33. Kh2 Rg5
34. Qe3 Be5+ 35. Kh1 Qd5+ 36. f3 Qe6 0-1

[Event "M.Chigorin Memorial 2013"]
[Site "St. Petersburg"]
[Date "2013.10.10"]
[Round "6.5"]
[White "Romanov, Evgeny"]
[Black "Zhigalko, Andrey"]
[Result "1/2-1/2"]
[ECO "A37"]
[WhiteElo "2654"]
[BlackElo "2615"]
[PlyCount "80"]
[EventDate "2013.10.05"]
[TimeControl "5400+870"]
[WhiteClock "0:32:33"]
[BlackClock "0:32:10"]

1. c4 c5 2. g3 g6 3. Bg2 Bg7 4. Nc3 Nc6 5. Nf3 e6 6. d3 d5 7. O-O Nge7 8. Bf4
O-O 9. Qc1 b6 10. cxd5 exd5 11. Re1 d4 12. Ne4 Nd5 13. Bh6 Be6 14. h4 f6 15.
Bxg7 Kxg7 16. Nfd2 Qc7 17. a3 a5 18. Qc2 Rac8 19. Rac1 Ne5 20. Qa4 h6 21. Nf3
Qd7 22. Qxd7+ Nxd7 23. Nd6 Rb8 24. Nb5 Rfe8 25. Nd2 Red8 26. Nc4 Ne5 27. Na7
Nxc4 28. dxc4 Ne7 29. e3 Kf7 30. exd4 cxd4 31. Red1 Rd7 32. Nc6 Nxc6 33. Bxc6
Rc7 34. Be4 Rxc4 35. Rxc4 Bxc4 36. Rxd4 Be6 37. Rd6 Ke7 38. Rc6 Bd7 39. Rc3 g5
40. hxg5 hxg5 1/2-1/2

[Event "M.Chigorin Memorial 2013"]
[Site "St. Petersburg"]
[Date "2013.10.10"]
[Round "6.6"]
[White "Zhigalko, Sergei"]
[Black "Stocek, Jiri"]
[Result "1-0"]
[ECO "C16"]
[WhiteElo "2683"]
[BlackElo "2543"]
[PlyCount "59"]
[EventDate "2013.10.05"]
[TimeControl "6000+1145"]
[WhiteClock "0:15:22"]
[BlackClock "0:05:36"]

1. e4 e6 2. d4 d5 3. Nc3 Bb4 4. e5 b6 5. Qg4 Bf8 6. Bg5 Qd7 7. Nf3 Nc6 8. a3
Bb7 9. Bd3 h6 10. Qh3 Nge7 11. O-O O-O-O 12. b4 Rg8 13. Bd2 g5 14. g4 Bg7 15.
Ne2 Rdf8 16. b5 Na5 17. Bxa5 bxa5 18. Ng3 f6 19. exf6 Bxf6 20. Nh5 Bh8 21. Bh7
Qxb5 22. Rfe1 Qb2 23. Rab1 Qxa3 24. Rb3 Qd6 25. Rbe3 e5 26. Nxe5 Bxe5 27. Rxe5
Nc6 28. Re6 Qd8 29. Qc3 Rh8 30. Bf5 1-0

[Event "M.Chigorin Memorial 2013"]
[Site "St. Petersburg"]
[Date "2013.10.10"]
[Round "6.7"]
[White "Gabrielian, Artur"]
[Black "Zvjaginsev, Vadim"]
[Result "0-1"]
[ECO "B35"]
[WhiteElo "2541"]
[BlackElo "2659"]
[PlyCount "88"]
[EventDate "2013.10.05"]
[TimeControl "6000+2310"]
[WhiteClock "0:28:41"]
[BlackClock "0:35:40"]

1. e4 c5 2. Nf3 Nc6 3. d4 cxd4 4. Nxd4 g6 5. Nc3 Bg7 6. Be3 Nf6 7. Bc4 O-O 8.
Bb3 Re8 9. h3 d6 10. O-O Na5 11. f4 b6 12. e5 Nxb3 13. exf6 Nxd4 14. fxe7 Ne2+
15. Qxe2 Qxe7 16. Rfe1 Bb7 17. Rad1 Qc7 18. Qf2 Qc6 19. Rd2 Re6 20. Kh2 Rae8
21. Nd1 d5 22. c3 Re4 23. Rh1 Qc7 24. Qg3 h5 25. h4 Bf6 26. Kg1 Qc4 27. Qf2
Qxa2 28. Bd4 R8e6 29. Rh3 Bxd4 30. cxd4 Qb1 31. Kh2 Re1 32. f5 gxf5 33. Rg3+
Kf8 34. Qf4 Bc6 35. Qb8+ Be8 36. Qxa7 Qe4 37. Qa3+ Re7 38. Nf2 Qf4 39. Nd3 Qxd2
40. Nxe1 Qxe1 41. Qd6 Qe6 42. Qf4 Qf6 43. Rg5 Re4 44. Qg3 Rg4 0-1

[Event "M.Chigorin Memorial 2013"]
[Site "St. Petersburg"]
[Date "2013.10.10"]
[Round "6.8"]
[White "Can, Emre"]
[Black "Khairullin, Ildar"]
[Result "1/2-1/2"]
[ECO "D15"]
[WhiteElo "2513"]
[BlackElo "2651"]
[PlyCount "71"]
[EventDate "2013.10.05"]
[TimeControl "6000+840"]
[WhiteClock "0:08:22"]
[BlackClock "0:01:47"]

1. d4 d5 2. Nf3 Nf6 3. c4 c6 4. Nc3 a6 5. g3 dxc4 6. a4 a5 7. e3 Bg4 8. Bxc4 e6
9. h3 Bh5 10. g4 Bg6 11. Ne5 Bb4 12. Nxg6 hxg6 13. Qf3 Nd5 14. Bd2 Nd7 15. Rd1
Qe7 16. Kf1 O-O-O 17. Kg2 g5 18. e4 Nc7 19. Bc1 Nf8 20. Na2 Ng6 21. Kf1 f6 22.
Nxb4 Qxb4 23. Qb3 Qd6 24. Qb6 Nf4 25. Qxa5 Nxh3 26. Qc3 Nf4 27. Rxh8 Rxh8 28.
Ke1 Rh1+ 29. Bf1 Rg1 30. f3 Ng2+ 31. Kd2 Qh2 32. Kd3 Qh1 33. Ke2 Qh2 34. Kd3
Qh1 35. Ke2 Qh2 36. Kd3 1/2-1/2

[Event "M.Chigorin Memorial 2013"]
[Site "St. Petersburg"]
[Date "2013.10.10"]
[Round "6.9"]
[White "Kovalenko, Igor"]
[Black "Matinian, Nikita"]
[Result "1-0"]
[ECO "E71"]
[WhiteElo "2644"]
[BlackElo "2472"]
[PlyCount "105"]
[EventDate "2013.10.05"]
[TimeControl "6000+1000"]
[WhiteClock "1:09:10"]
[BlackClock "0:33:14"]

1. d4 Nf6 2. c4 g6 3. Nc3 Bg7 4. e4 d6 5. h3 O-O 6. Be3 e5 7. d5 a5 8. Bd3 Na6
9. Nge2 Nc5 10. Bc2 Ne8 11. Qd2 f5 12. exf5 Bxf5 13. O-O-O Qh4 14. g4 Bxc2 15.
Kxc2 Qf6 16. Ng3 Qf3 17. Qe2 b6 18. Qxf3 Rxf3 19. Nge4 h6 20. Bxc5 bxc5 21. Rd3
Rf4 22. f3 Nf6 23. h4 Rf8 24. Rh3 Rb8 25. Nxf6+ Bxf6 26. Ne4 Rb4 27. Rc3 a4 28.
h5 Kg7 29. a3 Rb7 30. b3 gxh5 31. gxh5 Bh4 32. bxa4 Ra7 33. Kb3 Kf7 34. Rc2
Rb7+ 35. Ka2 Ra7 36. Rb2 Be7 37. Rb8 Rxa4 38. Kb3 Ra7 39. Rh8 Kg7 40. Rc8 Kf7
41. Rb8 Bh4 42. Nc3 Be1 43. Nb5 Ra5 44. Rb7 Rxb5+ 45. Rxb5 Ke7 46. Rb8 Rd4 47.
Rh1 Bf2 48. Rh8 Be3 49. Rh7+ Kd8 50. Rb1 Kc8 51. Ka4 Bg5 52. Kb5 Kb7 53. a4 1-0

[Event "M.Chigorin Memorial 2013"]
[Site "St. Petersburg"]
[Date "2013.10.10"]
[Round "6.10"]
[White "Malakhov, Igor"]
[Black "Sjugirov, Sanan"]
[Result "1/2-1/2"]
[ECO "B51"]
[WhiteElo "2434"]
[BlackElo "2635"]
[PlyCount "152"]
[EventDate "2013.10.05"]
[TimeControl "6000+865"]
[WhiteClock "0:03:22"]
[BlackClock "0:00:39"]

1. e4 c5 2. Nf3 d6 3. Bb5+ Nc6 4. O-O Bd7 5. Re1 Nf6 6. c4 g6 7. d4 cxd4 8.
Nxd4 Bg7 9. Nc3 O-O 10. Nxc6 bxc6 11. Ba4 Qa5 12. Bd2 Qc5 13. Qe2 Bg4 14. Be3
Bxe2 15. Bxc5 Bxc4 16. Ba3 c5 17. Rad1 Rfd8 18. b3 Be6 19. Nd5 Bxd5 20. exd5
Kf8 21. Bb2 Rab8 22. Bxf6 Bxf6 23. Re4 Rb6 24. g4 Rdb8 25. Rc1 Bd4 26. Kg2 Rb4
27. Rc2 a5 28. h3 Be5 29. Rxb4 axb4 30. Kf3 e6 31. Bc6 Ke7 32. Re2 g5 33. Kg2
Rh8 34. Bb7 h5 35. f3 hxg4 36. fxg4 f5 37. dxe6 fxg4 38. hxg4 Kxe6 39. Be4 d5
40. Bf5+ Kd6 41. Rc2 Rh2+ 42. Kg1 Rh3 43. Kg2 Re3 44. Kf2 Bd4 45. Kf1 Rg3 46.
Rg2 Rf3+ 47. Ke2 Rh3 48. Bd3 Ke5 49. Kd2 Kf4 50. Ke2 Rh1 51. Bf5 Rh3 52. Kd1
Be3 53. Re2 Ke5 54. Kc2 Kd4 55. Be6 c4 56. bxc4 dxc4 57. Bf7 Rh1 58. Be6 Rc1+
59. Kb2 c3+ 60. Kb3 Rb1+ 61. Ka4 Rf1 62. Kxb4 Bd2 63. Bb3 Rb1 64. Ka3 Rg1 65.
Be6 Kd3 66. Rh2 Re1 67. Bf5+ Kd4 68. Rh8 Re7 69. Rd8+ Ke3 70. Rb8 Be1 71. Kb3
Kd2 72. a4 Kc1 73. a5 Re2 74. Rc8 Rb2+ 75. Ka3 c2 76. a6 Bf2 1/2-1/2

[Event "M.Chigorin Memorial 2013"]
[Site "St. Petersburg"]
[Date "2013.10.10"]
[Round "6.11"]
[White "Aitbayev, Aslan"]
[Black "Solak, Dragan"]
[Result "0-1"]
[ECO "C41"]
[WhiteElo "2403"]
[BlackElo "2611"]
[PlyCount "148"]
[EventDate "2013.10.05"]
[TimeControl "6000+1150"]
[WhiteClock "0:13:32"]
[BlackClock "0:02:06"]

1. e4 d6 2. d4 Nf6 3. Nc3 e5 4. Nf3 Nbd7 5. Bc4 Be7 6. O-O Nb6 7. Bd3 exd4 8.
Nxd4 O-O 9. h3 Nfd7 10. a4 Bf6 11. Be2 a5 12. Nd5 Re8 13. Nb5 Nxd5 14. exd5 Nc5
15. c3 Bd7 16. Be3 b6 17. Bxc5 bxc5 18. Bg4 Bxb5 19. axb5 g6 20. Ra4 h5 21. Bf3
Kg7 22. Qd3 Re5 23. Rfa1 Qe7 24. Kf1 Re8 25. Qd1 Bg5 26. Rxa5 Qf6 27. Ra8 R8e7
28. R8a4 Bf4 29. Qd3 Qg5 30. Re4 Rxe4 31. Bxe4 Bc1 32. b3 h4 33. Qc2 Bf4 34.
Re1 Be5 35. Qc1 Qf6 36. Bf3 Re8 37. c4 Ra8 38. Kg1 Ra2 39. Rf1 Bd4 40. Qb1 Rb2
41. Qd3 Qg5 42. Bd1 Rd2 43. Qf3 Qg3 44. Be2 Qe5 45. Bd1 Rxf2 46. Qxf2 Bxf2+ 47.
Rxf2 Qd4 48. Bc2 Qe3 49. Bd1 Qd4 50. Bc2 Qe3 51. Bd1 f5 52. Kf1 Qc1 53. Ke1
Qc3+ 54. Kf1 Kf6 55. Re2 Kg5 56. Rf2 Qe3 57. Kg1 Qe1+ 58. Rf1 Qd2 59. Kh1 Kf6
60. Kg1 Ke5 61. Kh1 Kd4 62. Kg1 Kc3 63. Rf3+ Kb4 64. Rf1 Qd4+ 65. Kh1 Kc3 66.
Kh2 g5 67. Kh1 g4 68. Kh2 Kd2 69. Kh1 Qd3 70. Kg1 Qe3+ 71. Kh1 Qd3 72. Kg1 Qe3+
73. Kh1 Qd4 74. Rg1 Qf4 0-1

[Event "M.Chigorin Memorial 2013"]
[Site "St. Petersburg"]
[Date "2013.10.10"]
[Round "6.12"]
[White "Belous, Vladimir"]
[Black "Solovjov, Sergey I"]
[Result "1-0"]
[ECO "E90"]
[WhiteElo "2554"]
[BlackElo "2381"]
[PlyCount "61"]
[EventDate "2013.10.05"]
[TimeControl "6000+1180"]
[WhiteClock "0:13:11"]
[BlackClock "0:28:17"]

1. c4 Nf6 2. Nc3 g6 3. d4 Bg7 4. e4 d6 5. Nf3 O-O 6. h3 e5 7. d5 Nh5 8. g3 a5
9. Be2 Na6 10. Nh2 Nf6 11. Ng4 Nc5 12. Qc2 Ne8 13. Nh6+ Kh8 14. h4 f5 15. h5 f4
16. hxg6 Qf6 17. g4 Qxg6 18. Nf5 Nf6 19. Ne7 Qg5 20. Nxc8 Nxg4 21. Ne7 Nxf2 22.
Kxf2 Qg3+ 23. Kf1 f3 24. Bd1 Nd3 25. Qd2 Rae8 26. Ng6+ Qxg6 27. Qg5 Qxg5 28.
Bxg5 Nxb2 29. Rb1 Nxc4 30. Rxb7 Bf6 31. Rxc7 1-0